AoeStats
← Voobly

African Clearing

510407160Analyzed
4v4 RM · 11h ago on Sep 30, 2026· 39m 27s· 8 players
Game mode
Random Map
Map size
Large (8 player)
Population
200
Speed
Normal
Resources
Standard
Victory
Conquest
Starting age
Dark Age
Ending age
Imperial Age
RankedLock teamsTeams togetherTeam positionsShared explorationLock speedFull tech treeHidden civsTurbo modeCheats
Victory
Defeat
🇨🇱 Portuguese · Chile
879
+17
🇦🇷 Khmer · Argentina
858
+17
🇦🇷 Italians · Argentina
851
+18
🇦🇷 Japanese · Argentina
816
+18
🇨🇴 Huns · Colombia
929
-19
🇱🇺 Burgundians · Luxembourg
922
-19
🇨🇿 Magyars · Czechia
855
-16
🇨🇦 Vikings · Canada
847
-16
CheLoco3552
6:03 Loom
14:54 Feudal Age
18:55 Castle Age
16:55 Double-Bit Axe
18:03 Stone Mining
19:46 Horse Collar
22:24 Fletching
25:51 Bow Saw
29:45 Wheelbarrow
32:54 Gold Mining
34:02 Bodkin Arrow
35:06 Town Watch
40:51 Imperial Age
PAPU
15:55 Feudal Age
17:13 Wheelbarrow
16:21 Horse Collar
16:28 Double-Bit Axe
19:49 Fletching
19:59 Padded Archer Armor
24:04 Castle Age
27:27 Bow Saw
26:51 Crossbowman
27:32 Bodkin Arrow
27:52 Leather Archer Armor
30:17 Hand Cart
34:52 Loom
35:11 Heavy Plow
35:20 Gold Mining
37:59 Ballistics
40:12 Imperial Age
(Terry-Fox)
3:33 Loom
14:13 Feudal Age
22:36 Fletching
22:54 Padded Archer Armor
31:41 Castle Age
32:03 Crossbowman
33:21 Bodkin Arrow
35:35 Fervor
38:26 Ballistics
38:02 Murder Holes
Nahue
9:35 Loom
14:24 Feudal Age
14:52 Double-Bit Axe
14:49 Horse Collar
15:58 Man-at-Arms
24:09 Castle Age
24:41 Stone Mining
24:53 Heavy Plow
25:07 Bow Saw
32:15 Gold Mining
37:39 Imperial Age
35:10 Elite Skirmisher
38:04 Gold Shaft Mining
38:01 Scale Mail Armor
38:11 Forging
37:52 Fletching
38:03 Padded Archer Armor
40:37 Wheelbarrow
JAKOW45
7:17 Loom
15:19 Feudal Age
18:45 Double-Bit Axe
23:59 Castle Age
24:07 Horse Collar
26:55 Scale Barding Armor
Coffee Bean
Voobly
10:02 Loom
11:16 Double-Bit Axe
17:23 Feudal Age
17:16 Gold Mining
18:31 Bow Saw
24:16 Castle Age
22:45 Forging
22:41 Scale Barding Armor
23:45 Gold Shaft Mining
23:15 Horse Collar
24:28 Heavy Plow
26:52 Iron Casting
30:37 Imperial Age
28:54 Cavalier
30:14 Fletching
34:26 Husbandry
36:20 Chain Barding Armor
Tomas18078
6:27 Loom
15:23 Feudal Age
16:00 Double-Bit Axe
17:41 Gold Mining
18:32 Town Watch
21:16 Castle Age
19:10 Horse Collar
21:53 Fletching
23:01 Wheelbarrow
22:34 Pikeman
27:45 Padded Archer Armor
27:49 Bodkin Arrow
28:12 Thumb Ring
30:53 Leather Archer Armor
31:03 Heavy Plow
31:06 Husbandry
31:17 Bloodlines
34:37 Ballistics
35:02 Bow Saw
Connection lost

Rejoining the realm…

Still unreachable

The connection could not be restored.

Session expired

The server has moved on; the page needs a fresh start.